 Dungeon Crawl Stone Soup version 0.30-a0-802-gb92711bcdf (webtiles) character file.

Game seed: 13478855142889238160

16 cheesebisquit the Chopper (level 2, 0/26 HPs)
             Began as a Minotaur Berserker on Feb 23, 2023.
             Was a Follower of Trog.
             Slain by a gnoll
             ... wielding a +0 spear
              (3 damage)
             ... on level 1 of the Dungeon.
             The game lasted 00:01:22 (277 turns).

cheesebisquit the Chopper (Minotaur Berserker)       Turns: 277, Time: 00:01:22

Health: 0/26       AC:  2    Str: 21    XL:     2   Next: 41%
Magic:  1/1        EV: 12    Int:  4    God:    Trog [*.....]
Gold:   34         SH:  0    Dex:  9    Spells: 1/1 levels left

rFire   . . .      SeeInvis .    a - +0 hand axe
rCold   . . .      Faith    .    (no shield)
rNeg    . . .      Spirit   .    b - +0 animal skin
rPois   .          Reflect  .    (helmet restricted)
rElec   .          Harm     .    (no cloak)
rCorr   .          Rampage  .    (no gloves)
Will    .....                    (no boots)
Stlth   +                        (no amulet)
HPRegen 0.24/turn                (no ring)
MPRegen 0.07/turn                (no ring)

@: no status effects
A: horns 2, retaliatory headbutt
a: Renounce Religion, Berserk


You were on level 1 of the Dungeon.
You worshipped Trog.
Trog was aware of your devotion.
You visited 1 branch of the dungeon, and saw 1 of its levels.

You collected 34 gold pieces.

Inventory:

Hand Weapons
 a - a +0 hand axe (weapon)
Armour
 b - a +0 animal skin (worn)
Scrolls
 f - a scroll of identify {unknown}
 h - a scroll of poison {unknown}
Potions
 c - a potion of invisibility {unknown}
 d - a potion of mutation {unknown}
 e - a potion of magic {unknown}
 g - a potion of lignification {unknown}
 i - a potion of haste {unknown}


   Skills:
 - Level 3.6 Fighting
 + Level 4.7 Axes
 - Level 2.4 Armour
 - Level 2.1 Dodging


You had one spell level left.
You didn't know any spells.
Your spell library was empty.

Dungeon Overview and Level Annotations

Branches:
Dungeon (1/15)

Altars:


Innate Abilities, Weirdness & Mutations

You have a pair of horns on your head.
You reflexively headbutt those who attack you in melee.


Message History

You closely miss the goblin.
The goblin is moderately wounded.
You hit the plant. x2
The gnoll hits you from afar with a +0 spear.
The goblin hits you with a +0 dagger.
* * * LOW HITPOINT WARNING * * *
A nearby plant withers and dies. x2
You completely miss the goblin. The goblin hits you with a +0 dagger.
* * * LOW HITPOINT WARNING * * *
The gnoll splashes around in the water.
You enter the shallow water.
Moving in this stuff is going to be slow.
The goblin hits you but does no damage.
The gnoll splashes around in the water.
The goblin attacks as you move away! The goblin hits you but does no damage.
The goblin attacks as you move away! The goblin closely misses you.
The goblin attacks as you move away! The goblin hits you but does no damage.
Okay, then.
Okay, then.
You hit the goblin. Your headbutt misses the goblin.
The goblin is heavily wounded.
The goblin closely misses you. You furiously retaliate!
You headbutt the goblin, but do no damage.
The gnoll misses you. The goblin hits you with a +0 dagger.
You hit the goblin.
You kill the goblin!
Trog accepts your kill. The gnoll hits you with a +0 spear.
* * * LOW HITPOINT WARNING * * *
You see here a +0 dagger.
You hit the gnoll.
The gnoll is lightly wounded.
The gnoll hits you with a +0 spear.
* * * LOW HITPOINT WARNING * * *
You hit the gnoll but do no damage.
The gnoll is lightly wounded.
The gnoll hits you but does no damage.
You barely miss the gnoll.
The gnoll is lightly wounded.
The gnoll hits you with a +0 spear.
You die...

..................#.# #.># #
~~≈~~~~~~~~~~P~~..#.# #..# #
♣~~≈P♣♣♣♣~P~~~~~.##.######..#
# ♣♣♣♣P♣
~~~~~P♣#...#........# # ♣##
#~♣♣P♣.####.#######.# # #....
#.# #.# # #... ##.##
####.#####
#..####...###.........
#....@g.......##...###
#.#####...########.# ##.##
#.# #.# #.# #.# #.# ###.# #.#
###...# #.# #.~.~.#### #.#
#P~P.~~..######.#


You could see a gnoll.

Vanquished Creatures
  A dart slug (D:1)
  A ball python (D:1)
  A bat (D:1)
  2 giant cockroaches (D:1)
  A goblin (D:1)
  2 hobgoblins (D:1)
  A frilled lizard (D:1)
  A kobold (D:1)
  4 rats (D:1)
14 creatures vanquished.

Vanquished Creatures (others)
  10 plants (D:1)
10 creatures vanquished.

Grand Total: 24 creatures vanquished

Notes
Turn   | Place    | Note
-------+----------+-------------------------------------------
     0 | D:1      | cheesebisquit the Minotaur Berserker began the quest for
                  | the Orb.
     0 | D:1      | Reached XP level 1. HP: 19/19 MP: 0/0
    54 | D:1      | Reached skill level 4 in Axes
    95 | D:1      | Reached XP level 2. HP: 26/26 MP: 1/1
   277 | D:1      | Slain by a gnoll

Illustrated notes

Levels and vault maps discovered:
D:1:      mushboom_english_gardens, layout_loops_ring, serial_bayou,
          serial_bayou_lake_a, serial_bayou_lagoon_b, serial_bayou_lagoon_a,
          serial_bayou_crossing, dreamdust_ecumenical_altar_statues,
          minmay_tromino_v7

Skill      XL: |  1 |
---------------+----+-----
Axes           | 4 |  4.7
Fighting       | |  3.6
Armour         | |  2.4
Dodging        | |  2.1

Action                     || total
---------------------------++-------
  Melee: Hand axe          ||    35
         Headbutt          ||     4
 Armour: Animal skin       ||    11
  Dodge: Dodged            ||    29

Table legend: (Time is in decaauts)
 A = Elapsed time spent in this place.
 B = Non-inter-level travel time spent in this place.
 C = Inter-level travel time spent in this place.
 D = Time resting spent in this place.
 E = Time spent auto-exploring this place.
 F = Levels seen in this place.
 G = Mean time per level.
                   A        B        C        D        E       F      G
               +--------+--------+--------+--------+--------+-----+--------+
         Total |    291 |    291 |      0 |      0 |    190 |   1 |  291.0 |
       Dungeon |    291 |    291 |      0 |      0 |    190 |   1 |  291.0 |
               +--------+--------+--------+--------+--------+-----+--------+

Top non-repeatable levels by time:
     D:1: 291 daAuts
